 Dungeon Crawl Stone Soup version 0.20-a0-1062-g7b787ac (webtiles) character file.

106 Alarkh the Insei (level 4, -1/34 HPs)
             Began as a Demonspawn Transmuter on Apr 27, 2017.
             Slain by an orc wizard
             ... wielding a +0 dagger
              (2 damage)
             ... on level 3 of the Dungeon.
             The game lasted 00:03:19 (3078 turns).

Alarkh the Insei (Demonspawn Transmuter)            Turns: 3078, Time: 00:03:19

Health: -1/34      AC:  2    Str: 16    XL:     4   Next: 55%
Magic:  7/7        EV: 15    Int: 15    God:
Gold:   186        SH:  0    Dex: 13    Spells: 6/7 levels left

rFire    . . .     SeeInvis .     - Unarmed
rCold    . . .     Gourm    .   (no shield)
rNeg     . . .     Faith    .   b - +0 robe
rPois    .         Spirit   .   (no helmet)
rElec    .         Reflect  .   (no cloak)
rCorr    .         Harm     .   (no gloves)
MR       .....                  (no boots)
Stlth    +.........             (no amulet)
Regen    2.2/turn               (no ring)
MPRegen  0.1/turn               (no ring)

@: mighty, appendage (expiring)
A: horns 2, repulsion field 1, powered by death 1
a: End Transformation


You were on level 3 of the Dungeon.
You were not hungry.
You had grown temporary horns.
You visited 1 branch of the dungeon, and saw 3 of its levels.

You collected 186 gold pieces.

Inventory:

Missiles
 a - 39 arrows
Armour
 b - a +0 robe (worn)
Scrolls
 f - a scroll of recharging {unknown}
 h - a scroll of enchant armour {unknown}
 i - 3 scrolls of teleportation {unknown}
 k - a scroll of magic mapping {unknown}
 m - 4 scrolls of identify {unknown}
 p - a scroll of fog {unknown}
 q - a scroll of amnesia {unknown}
 r - 3 scrolls of remove curse {unknown}
Potions
 e - a potion of haste
 l - a potion of ambrosia {unknown}
 n - a potion of might
 o - a potion of flight {unknown}
 s - a potion of heal wounds {unknown}
 t - a potion of degeneration {unknown}
Books
 c - a book of Changes

   Spells                             Type                      Level
   a - Beastly Appendage              Transmutation                1
   b - Sticks to Snakes               Transmutation                2
   c - Spider Form                    Transmutation/Poison         3
   d - Ice Form                       Ice/Transmutation            4
   e - Blade Hands                    Transmutation                5
Comestibles
 d - 2 bread rations
 g - a meat ration
 j - 4 fruits


   Skills:
 + Level 2.4 Fighting
 + Level 2.4 Dodging
 * Level 4.0 Unarmed Combat
 - Level 2.0 Spellcasting
 - Level 1.7 Transmutations


You had 6 spell levels left.
You knew the following spells:

 Your Spells              Type           Power        Failure   Level  Hunger
a - Beastly Appendage     Tmut           #.....       11%         1    #......


Dungeon Overview and Level Annotations

Branches:
Dungeon (3/15)

Altars:


Innate Abilities, Weirdness & Mutations

You are surrounded by a mild repulsion field. (EV +2)
You regenerate a little health from kills.
You have a pair of horns on your head.


Message History

The orc misses you.
You punch the orc!
You kill the orc!
The orc hits you but does no damage.
Things that are here:
a dagger; an orc corpse You punch the orc!
You kill the orc!
The orc wizard points at you and mumbles some strange words.
The magic dart hits you!
* * * LOW HITPOINT WARNING * * *
You barely miss the orc wizard. Your headbutt misses the orc wizard.
The orc wizard points at you and mumbles some strange words.
The magic dart hits you!
* * * LOW HITPOINT WARNING * * *
Okay, then.
You barely miss the orc wizard. The orc wizard hits you with a dagger.
* * * LOW HITPOINT WARNING * * *
The orc wizard hits you with a dagger.
You die...

........)......##......
.....###.#.#.#.##.........
.... #.#.#.....###......
#.#. #.....#............
#... ##.....#.#....<....
#... ##....#...#.........
#...##...#........#......
#...#..#o###.............
#....o##@# #...#........#
#.#....).###.....#...#..#
#..###........?#......#
......##...(.....#.#..#..
#...###........>...........
#....
####......#..#.......# ....
.................(...# ....
.........##...###..... ...
...#.....##...#.......


You could see an orc wizard.

Vanquished Creatures
  2 adders (D:2)
  An ooze (D:2)
  2 worms
  4 dart slugs
  2 leopard geckos
  3 orcs (D:3)
  9 bats
  2 giant cockroaches
  12 goblins
  7 hobgoblins
  8 kobolds
  A quokka (D:3)
  A ball python (D:2)
  5 frilled lizards
  3 rats
62 creatures vanquished.

Notes
Turn   | Place    | Note
-------+----------+-------------------------------------------
     0 | D:1      | Alarkh the Demonspawn Transmuter began the quest for the Orb.
     0 | D:1      | Reached XP level 1. HP: 15/15 MP: 3/3
   566 | D:2      | Gained mutation: You regenerate a little health from kills. [demonic ancestry]
   566 | D:2      | Reached XP level 2. HP: 21/21 MP: 5/5
   673 | D:1      | Reached skill level 3 in Unarmed Combat
   942 | D:1      | Reached XP level 3. HP: 10/27 MP: 4/6
  1882 | D:2      | Gained mutation: You are surrounded by a mild repulsion field. (EV +2) [demonic ancestry]
  1882 | D:2      | Reached XP level 4. HP: 29/33 MP: 5/7
  2952 | D:3      | Reached skill level 4 in Unarmed Combat
  3078 | D:3      | HP: 1/34 [orc wizard/dagger (5)]
  3078 | D:3      | Slain by an orc wizard

Vault maps used:
D:1:      minmay_arrival_five_plusses
D:3:      doesnt_xom_only_xom, first_bread

Skill      XL: |  1  2  3  4 |
---------------+-------------+-----
Dodging        | 2 |  2.4
Unarmed Combat | 3 4 |  4.0
Fighting       | 2 |  2.4
Spellcasting   | |  2.0
Transmutations | |  1.7

Action                   |  1- 3 |  4- 6 || total
-------------------------+-------+-------++-------
Melee: Unarmed           |   162 |    89 ||   251
       Kick              |     8 |     6 ||    14
       Punch             |     3 |       ||     3
       Headbutt          |     1 |     4 ||     5
 Cast: Beastly Appendage |    18 |    12 ||    30
  Use: Potion            |     2 |     1 ||     3
 Stab: Sleeping          |     1 |       ||     1
  Eat: Chunk             |     4 |     4 ||     8
Armor: Robe              |    34 |     6 ||    40
Dodge: Dodged            |   117 |    61 ||   178
